 Dungeon Crawl Stone Soup version 0.29.1-12-g30fa7ad0bf (webtiles) character file.

Game seed: 5761412301600153725

84 KittyFluff the Covered (level 4, 0/43 HPs)
             Began as a Gargoyle Fighter on Dec 29, 2022.
             Slain by Sigmund
             ... wielding a +0 scythe
              (5 damage)
             ... on level 3 of the Dungeon.
             The game lasted 00:09:11 (2411 turns).

KittyFluff the Covered (Gargoyle Fighter)           Turns: 2411, Time: 00:09:12

Health: 0/43       AC: 22    Str: 20    XL:     4   Next: 46%
Magic:  4/4        EV:  2    Int:  8    God:
Gold:   142        SH:  0    Dex: 11    Spells: 3/3 levels left

rFire   . . .      SeeInvis .   (no weapon)
rCold   . . .      Faith    .   c - +0 buckler
rNeg    + . .      Spirit   .   (body armour currently unavailable)
rPois   ∞          Reflect  .   (helmet currently unavailable)
rElec   .          Harm     .   (cloak currently unavailable)
rCorr   .          Rampage  .   (gloves currently unavailable)
Will    .....      NoTele   +   (boots currently unavailable)
Stlth   +.........              (no amulet)
HPRegen 0.14/turn               (no ring)
MPRegen 0.09/turn               (no ring)

@: confused, tree-form
A: stationary, stasis, torment immunity, boosted hp, sickness immunity, AC +3,
negative energy resistance 1, (electricity resistance), torment resistance 1,
petrification resistance
a: no special abilities


You were on level 3 of the Dungeon.
You were a tree.
You visited 1 branch of the dungeon, and saw 3 of its levels.

You collected 142 gold pieces.

Inventory:

Missiles
 i - 28 stones (quivered)
Armour
 b - a +0 scale mail (melded)
 c - a +0 buckler (worn)
 g - a +0 cloak (melded)
 p - a +0 pair of gloves (melded)
Scrolls
 e - a scroll of butterflies {unknown}
 f - a scroll of vulnerability {unknown}
 k - a scroll of noise {unknown}
 m - a scroll of magic mapping {unknown}
Potions
 d - a potion of might
 h - a potion of curing
 l - a potion of degeneration
 n - a potion of brilliance
 o - a potion of heal wounds {unknown}


   Skills:
 + Level 3.8 Fighting
 + Level 2.5 Maces & Flails
 * Level 4.5 Armour
 + Level 0.2 Dodging
 + Level 0.1 Stealth
 + Level 3.6 Shields


You had 3 spell levels left.
You didn't know any spells.
Your spell library contained the following spells:

 Spells                   Type           Power      Damage    Failure   Level
 Portal Projectile        Hex/Tloc       0%         N/A       86%         3
 Tukima's Dance           Hex            0%         N/A       86%         3
 Blade Hands              Tmut           0%         N/A       100%        5


Dungeon Overview and Level Annotations

Branches:
Dungeon (3/15)

Altars:
Cheibriados

Annotations:
D:3 Sigmund


Innate Abilities, Weirdness & Mutations

You are a tree.
Your roots penetrate the ground, keeping you stationary.
You cannot be teleported.
You are immune to unholy pain and torment.
Your maximum health is greatly increased.
Your equipment is partially melded.
You are immune to sickness and miasma.
((Your stone body is resilient. (AC +3)))
You are immune to poison.
You resist negative energy. (rN+)
((You are resistant to electric shocks. (rElec)))
You are resistant to unholy torment.
You are immune to petrification.


Message History

You cannot move.
Unknown command.
Something hits you!
* * * LOW HITPOINT WARNING * * *
You cannot move.
You cannot move.
You cannot move.
You cannot move.
You cannot move.
You cannot move.
You cannot move.
You cannot move.
You cannot move.
You cannot move.
You cannot move.
You cannot move.
Unknown command.
You cannot move.
You are now empty-handed.
You drop a +0 flail.
You cannot move.
You cannot move.
You cannot move.
You cannot move.
You cannot move.
You cannot move.
You cannot move.
You cannot move.
You cannot move.
Unknown command.
You hear some strange, mumbled words.
You are confused.
You cannot move. (Use ctrl+direction or * direction to attack while stationary and confused.)
Something hits you.
* * * LOW HITPOINT WARNING * * *
Something hits you but does no damage.
You cannot move. (Use ctrl+direction or * direction to attack while stationary and confused.)
You closely miss something.
You attack the rock wall.
Something hits you but does no damage.
You completely miss something. Something hits you.
You die...

#....#
#....#
#....# ....#
.... .o#
###.########
#{#
.K.....<....
#♣#
....########
#.# # #.#
#.# #.# #.#
#.# #.#
######.###


You could see an orc.

Vanquished Creatures
  3 adders
  2 worms (D:2)
  A dart slug (D:2)
  3 orcs (D:3)
  3 bats
  3 endoplasms
  A giant cockroach (D:2)
  5 goblins
  5 hobgoblins
  2 quokkas (D:2)
  5 ball pythons
  2 frilled lizards
  5 kobolds
  7 rats
47 creatures vanquished.

Vanquished Creatures (others)
  4 toadstools (D:3)
4 creatures vanquished.

Grand Total: 51 creatures vanquished

Notes
Turn   | Place    | Note
-------+----------+-------------------------------------------
     0 | D:1      | KittyFluff the Gargoyle Fighter began the quest for the
                  | Orb.
     0 | D:1      | Reached XP level 1. HP: 14/14 MP: 1/1
   525 | D:1      | Found a faded altar of an unknown god.
   539 | D:1      | Reached XP level 2. HP: 19/19 MP: 2/2
  1349 | D:2      | Reached skill level 4 in Armour
  1349 | D:2      | Reached XP level 3. HP: 23/24 MP: 3/3
  1723 | D:2      | Reached XP level 4. HP: 26/29 MP: 4/4
  2188 | D:3      | Found a snail-covered altar of Cheibriados.
  2391 | D:3      | Noticed Sigmund
  2411 | D:3      | Slain by Sigmund

Illustrated notes

Levels and vault maps discovered:
D:1:      psy_arrival_conway, layout_basic, shapermc_ecumenical_altar_notcrosses
D:2:      layout_rooms, hex_medium
D:3:      cheibrodos_fertilizer, layout_basic, cheibriados_altar_1,
          glass_columns_b, uniq_sigmund

Skill      XL: |  1  2 |
---------------+-------+-----
Armour         | 4 |  4.5
Fighting       | |  3.8
Maces & Flails | |  2.5
Dodging        | |  0.2
Stealth        | |  0.1
Shields        | |  3.6

Action                   |  1- 3 |  4- 6 || total
-------------------------+-------+-------++-------
Melee: Flail             |   118 |    40 ||   158
       Unarmed           |       |     2 ||     2
Throw: Stone             |       |     2 ||     2
  Use: Scroll            |       |     4 ||     4
       Potion            |       |     1 ||     1
Armor: Scale mail        |    70 |    15 ||    85
       Skin              |       |     3 ||     3
Dodge: Dodged            |    56 |    15 ||    71
Block: Buckler           |    26 |     4 ||    30
